AoeStats
← ogipochi_

Nomad

510098091Analyzed
3v3 RM · 3d ago on Sep 29, 2026· 71m 9s· 6 players
Game mode
Random Map
Map size
210×210
Population
200
Speed
Normal
Resources
Standard
Victory
Conquest
Starting age
Dark Age
Ending age
Imperial Age
RankedLock teamsTeams togetherTeam positionsShared explorationLock speedFull tech treeHidden civsTurbo modeCheats
Victory
Defeat
🇭🇰 Huns · Hong Kong SAR China
819
+14
🇯🇵 Danes · Japan
763
+17
🇭🇰 Varangians · Hong Kong SAR China
712
+19
🇰🇷 Goths · South Korea
820
-18
🇧🇪 Burgundians · Belgium
801
-27
🇪🇸 Mongols · Spain
706
-14
ogipochi_
9:27 Loom
13:47 Feudal Age
14:13 Double-Bit Axe
14:09 Horse Collar
14:43 Man-at-Arms
17:18 Wheelbarrow
19:31 Gold Mining
22:39 Castle Age
22:34 Fishing Lines
23:50 Thumb Ring
25:56 Hand Cart
25:27 Town Watch
26:25 Heavy Plow
26:40 Bow Saw
28:31 Padded Archer Armor
28:22 Fletching
28:43 Forging
28:33 Scale Mail Armor
28:37 Town Patrol
28:52 Heavy Plow
28:45 Stone Mining
32:43 Ballistics
34:24 Leather Archer Armor
34:05 Bodkin Arrow
35:46 Masonry
35:33 Murder Holes
39:10 Imperial Age
38:40 Hamask
40:08 Iron Casting
39:48 Chain Mail Armor
39:21 Cranequins
41:43 Conscription
41:35 Bracer
42:06 Ring Archer Armor
42:43 Chemistry
41:56 Heavy Mounted Crossbowman
43:41 Elite Jomsviking
49:30 Blast Furnace
49:01 Plate Mail Armor
48:20 Arrowslits
48:41 Siege Engineers
49:55 Gold Shaft Mining
49:57 Stone Shaft Mining
64:05 Elite Longship
64:22 Elite Longship
65:13 Medium Warships
67:21 Heavy Warships
老歪
11:07 Loom
15:08 Feudal Age
16:06 Double-Bit Axe
21:21 Wheelbarrow
22:33 Gold Mining
22:37 Stone Mining
24:52 Castle Age
24:30 Fishing Lines
26:54 Bloodlines
26:50 Husbandry
27:16 Hand Cart
29:54 Forging
29:50 Scale Barding Armor
39:07 Iron Casting
39:04 Vendel Legacy
44:29 Imperial Age
43:38 Chain Barding Armor
43:52 Gambesons
44:08 Squires
43:54 Arson
48:18 Elite Varangian Guard
50:10 Conscription
49:53 Scale Mail Armor
50:49 Stone Shaft Mining
56:41 Blast Furnace
55:56 Chain Mail Armor
56:17 Plate Barding Armor
55:37 Elite Longship
56:30 Medium Warships
56:19 Gillnets
57:11 Elite Jarl
57:38 Gothikon
59:04 Cavalier
61:39 Heavy Warships
61:29 Fletching
61:43 Padded Archer Armor
69:06 Bodkin Arrow
69:26 Leather Archer Armor
69:42 Plate Mail Armor
LQuan
6:32 Loom
15:03 Feudal Age
15:42 Horse Collar
16:37 Double-Bit Axe
21:11 Castle Age
20:02 Forging
25:59 Bloodlines
26:10 Scale Barding Armor
27:36 Chain Barding Armor
29:33 Heavy Plow
31:02 Husbandry
32:32 Pikeman
33:09 Elite Skirmisher
35:19 Thumb Ring
39:25 Imperial Age
37:33 Wheelbarrow
36:46 Town Watch
38:18 Sanctity
38:10 Fervor
38:14 Padded Archer Armor
38:05 Fletching
38:51 Iron Casting
42:00 Chemistry
41:17 Cavalier
42:24 Bow Saw
42:54 Leather Archer Armor
44:10 Halberdier
44:51 Squires
44:55 Bodkin Arrow
45:02 Scale Mail Armor
47:49 Conscription
47:35 Paladin
55:37 Plate Barding Armor
56:03 Blast Furnace
55:09 Bracer
55:25 Chain Mail Armor
56:28 Gold Mining
56:29 Stone Mining
57:59 Devotion
58:28 Illumination
58:07 Atonement
67:54 Hand Cart
67:41 Town Patrol
rananculus
3:56 Loom
14:30 Feudal Age
14:49 Man-at-Arms
19:59 Wheelbarrow
25:23 Castle Age
23:18 Gold Mining
23:19 Stone Mining
23:33 Scale Mail Armor
23:44 Forging
23:25 Double-Bit Axe
23:25 Horse Collar
25:20 Town Watch
26:38 Hand Cart
25:46 Long Swordsman
25:46 Pikeman
26:27 Squires
27:35 Chain Mail Armor
27:40 Fishing Lines
29:01 Stone Shaft Mining
29:00 Heavy Plow
30:58 Town Patrol
35:23 Iron Casting
40:45 Imperial Age
40:24 Bow Saw
41:06 Anarchy
41:06 Halberdier
41:07 Two-Handed Swordsman
FoxyWaves
13:37 Horse Collar
17:53 Feudal Age
17:54 Double-Bit Axe
19:46 Heavy Plow
20:00 Bow Saw
24:09 Castle Age
22:54 Forging
22:41 Gold Mining
24:16 Light Cavalry
24:56 Husbandry
25:42 Scale Barding Armor
30:12 Chain Barding Armor
31:53 Padded Archer Armor
31:47 Fletching
33:24 Pikeman
38:35 Iron Casting
38:05 Bodkin Arrow
Minuro
15:24 Feudal Age
16:09 Double-Bit Axe
17:18 Fishing Lines
21:51 Wheelbarrow
22:07 Gold Mining
22:10 Stone Mining
25:36 Castle Age
27:53 Pikeman
28:35 Squires
28:40 Scale Mail Armor
28:52 Forging
33:31 Hand Cart
34:10 Bow Saw
35:38 Gillnets
36:44 Stone Shaft Mining
39:58 Loom
40:16 Town Watch
40:13 Horse Collar
41:11 Gold Shaft Mining
41:28 Chain Mail Armor
41:49 Iron Casting
41:21 Padded Archer Armor
41:11 Fletching
51:23 Ballistics
52:29 Masonry
54:38 Murder Holes
Connection lost

Rejoining the realm…

Still unreachable

The connection could not be restored.

Session expired

The server has moved on; the page needs a fresh start.